Map: Catallena LE (Void)

Players

abasg

  • Race: Terran Terran
  • Spawn Location: 5:00

Cuervo - Winner!

  • Race: Zerg Zerg
  • Spawn Location: 12:00

VOD

Have the link to the VOD?

Description

Time

  • Played on: Sept. 20, 2017, 3:41 p.m.
  • Length: 4:58
Show
View Real Time Build Order
Export as new Build Order

abasg Terran 

Build Orders:  

Get SALT Encoding   

  12  0:01  SCV  
  13  0:16  SCV  
  14  0:27  Supply Depot  
  14  0:28  SCV  
  15  0:49  SCV  
  16  0:54  Barracks  
  16  0:57  Refinery  
  16  1:01  SCV  
  17  1:07  Supply Depot  
  17  1:13  SCV  
  18  1:25  SCV  
  19  1:41  Command Center  
  19  1:49  Command Center  
  20  1:57  Orbital Command  
  20  2:00  Barracks Reactor  
  19  2:29  Factory  
  19  2:32  Barracks, SCV, Refinery  
  20  2:38  Marine  
  20  2:43  Marine  
  22  2:44  SCV  
  23  2:56  Marine  
  24  3:00  Marine  
  25  3:10  SCV  
  27  3:14  Orbital Command  
  26  3:22  SCV  
  26  3:23  Barracks Tech Lab  
  26  3:24  Marine x2  
  29  3:27  Factory Tech Lab  
  29  3:34  Starport  
  29  3:39  Engineering Bay  
  29  3:42  Marine  
  29  3:45  Engineering Bay  
  30  4:02  Supply Depot  
  30  4:07  Supply Depot, SCV x2  
  32  4:17  Marine  
  32  4:19  SCV x2  
  32  4:21  Marine  
Show
View Real Time Build Order
Export as new Build Order

Cuervo Zerg - Winner!

Build Orders: Hatch First 

Get SALT Encoding   

  12  0:01  Drone  
  13  0:14  Overlord  
  13  0:23  Drone  
  14  0:33  Drone x2  
  16  0:43  Drone  
  17  0:53  Hatchery  
  16  0:57  Drone  
  16  1:02  Drone  
  18  1:14  Spawning Pool  
  18  1:16  Extractor  
  16  1:19  Drone  
  16  1:23  Drone  
  18  1:30  Drone  
  19  1:43  Drone  
  20  1:51  Overlord  
  20  2:01  Queen  
  20  2:06  Queen  
  24  2:09  Drone  
  24  2:11  Drone  
  26  2:18  Metabolic Boost  
  26  2:20  Zergling x2  
  27  2:26  Roach Warren  
  27  2:28  Zergling x2  
  27  2:35  Drone x2  
  29  2:37  Drone  
  29  2:40  Drone  
  31  2:45  Overlord  
  31  2:56  Overlord  
  31  3:03  Drone x2  
  33  3:12  Roach x2  
  39  3:20  Roach x3  
  39  3:22  Zergling x4  
  39  3:25  Zergling x2  
  46  3:29  Overlord  
  46  3:35  Roach  
  46  3:40  Roach  
  50  3:50  Roach  
  50  3:51  Roach x2, Zergling x4  
  58  3:57  Extractor  
  58  3:58  Overlord  
  58  3:59  Zergling x2  
  58  4:02  Zergling x2  
  59  4:15  Overlord  
  59  4:16  Overlord  
  59  4:22  Zergling x2  
  59  4:23  Zergling x6  
  63  4:25  Roach  
  63  4:29  Roach  
Tags
 
Add a new tag
Caveats
  • Supply blocks, unpowered buildings, or Contaminate may cause inaccurate times.
  • Supply counts are checked every 10 seconds.